 Dungeon Crawl Stone Soup version 0.28.0-1-gb440e238dd (webtiles) character file.

Game seed: 9345074976106541258

145 fknight the Chopper (level 5, 0/46 HPs)
             Began as a Hill Orc Monk on Feb 21, 2022.
             Succumbed to an orc wizard's poison
             ... on level 3 of the Dungeon.
             The game lasted 00:09:27 (3410 turns).

fknight the Chopper (Hill Orc Monk)                 Turns: 3410, Time: 00:09:28

Health: 0/46       AC:  8    Str: 16    XL:     5   Next: 27%
Magic:  5/5        EV:  7    Int: 10    God:
Gold:   83         SH:  0    Dex: 13    Spells: 4/4 levels left

rFire   . . .      SeeInvis .   i - +3 dagger
rCold   . . .      Faith    .   (no shield)
rNeg    . . .      Spirit   .   e - +0 chain mail
rPois   .          Reflect  .   (no helmet)
rElec   .          Harm     .   (no cloak)
rCorr   .          Rampage  .   (no gloves)
Will    +....                   (no boots)
Stlth   ..........              (no amulet)
HPRegen 0.15/turn               c - ring of willpower
MPRegen 0.09/turn               (no ring)

@: lethally poisoned (0 -> -9)
A: no striking features
a: no special abilities


You were on level 3 of the Dungeon.
You visited 1 branch of the dungeon, and saw 3 of its levels.

You collected 83 gold pieces.

Inventory:

Hand Weapons
 a - a +0 hand axe
 i - a +3 dagger (weapon)
Missiles
 b - 2 boomerangs
 d - 52 arrows
 j - 23 stones (quivered)
Armour
 e - a +0 chain mail (worn)
 h - a +1 ring mail
Jewellery
 c - a ring of willpower (left hand)
Wands
 g - a wand of flame (26)


   Skills:
 + Level 4.2 Fighting
 + Level 1.5 Short Blades
 + Level 5.5 Axes
 + Level 0.2 Throwing
 + Level 2.0 Armour
 + Level 2.7 Dodging
 + Level 1.8 Stealth


You had 4 spell levels left.
You didn't know any spells.
Your spell library was empty.

Dungeon Overview and Level Annotations

Branches:
Dungeon (3/15)

Altars:


Message History

You hit the orc.
You kill the orc!
Something hits you but does no damage.
An orc wizard comes into view. It is wielding a +2 dagger of venom.
Something hits you but does no damage.
You see here a +0 club.
The orc wizard shouts!
You barely miss something. You hit the orc wizard.
The orc wizard is lightly wounded.
You hear some strange, mumbled words.
A puff of flame appears from out of thin air!
The puff of flame hits you.
The orc wizard hits you with a +2 dagger of venom.
You are poisoned.
You barely miss something.
* * * LOW HITPOINT WARNING * * *
You feel very sick. Something hits you but does no damage.
The orc wizard closely misses you.
Unknown command.
You hit the orc wizard but do no damage.
The orc wizard is lightly wounded.
You feel sick. Something hits you but does no damage.
The orc wizard barely misses you.
You hit the orc wizard.
The orc wizard is moderately wounded.
You feel sick. Something hits you but does no damage.
The orc wizard hits you but does no damage.
You are lethally poisoned!
You closely miss the orc wizard.
The orc wizard is moderately wounded.
* * * LOW HITPOINT WARNING * * *
You feel very sick. Something hits you.
* * * LOW HITPOINT WARNING * * *
The orc wizard casts a spell at you. The puff of flame hits you.
* * * LOW HITPOINT WARNING * * *
You closely miss something.
You die...

#.#. .. #. #.#. #. ##.##^..##
# .# #. #..>.....# .## .# #.
#..#...#.###.# .# #########.
............###.####.........
..#..<#.##..##.............>.
##..#.##.o.........########
#..(..)){@...#### ######
##(...#####.## #..... #.#.##
#.# #.#### #(#.# ##.# #.#
o...#####..# #.#
..........#.#########.#
##...######............#
##..........###########
###########


You could see an orc wizard.

Vanquished Creatures
  5 adders
  3 gnolls (D:2)
  A worm (D:2)
  4 dart slugs
  3 orcs (D:3)
  5 bats
  9 endoplasms
  A giant cockroach (D:2)
  2 goblins
  A hobgoblin (D:2)
  2 quokkas
  8 ball pythons
  8 frilled lizards (D:1)
  5 kobolds
  5 rats
62 creatures vanquished.

Vanquished Creatures (others)
  6 plants
6 creatures vanquished.

Grand Total: 68 creatures vanquished

Notes
Turn   | Place    | Note
-------+----------+-------------------------------------------
     0 | D:1      | fknight the Hill Orc Monk began the quest for the Orb.
     0 | D:1      | Reached XP level 1. HP: 19/19 MP: 1/1
   254 | D:1      | Reached XP level 2. HP: 21/27 MP: 2/2
   785 | D:1      | Reached XP level 3. HP: 32/33 MP: 3/3
  1439 | D:2      | Reached skill level 5 in Axes
  1451 | D:2      | Reached skill level 1 in Armour
  1617 | D:2      | Reached XP level 4. HP: 14/40 MP: 4/4
  2719 | D:2      | Reached skill level 1 in Short Blades
  2719 | D:2      | Reached XP level 5. HP: 33/46 MP: 5/5
  3409 | D:3      | HP: 2/46 [orc wizard/puff of flame (3)]
  3410 | D:3      | Succumbed to an orc wizard's poison

Illustrated notes

Levels and vault maps discovered:
D:1:      wander_arrival_fairy_ring, layout_loops_cross, minivault_4,
          minmay_small_reverse_x
D:2:      layout_loops_cross, serial_forest, infiniplex_forest_clump_curved,
          infiniplex_forest_clump_diagonal, infiniplex_forest_corner_1,
          infiniplex_forest_clump_double, infiniplex_forest_clump_small,
          infiniplex_forest_lined_room_2, infiniplex_forest_end_double,
          grunt_ministairs_15
D:3:      minmay_spotlight, layout_loops_ring, uniq_robin,
          uniq_crazy_yiuf_cottage

Skill      XL: |  1  2  3  4  5 |
---------------+----------------+-----
Fighting       | 4 |  4.2
Axes           | 5 |  5.5
Armour         | 1 2 |  2.0
Short Blades   | 1 |  1.5
Throwing       | |  0.2
Dodging        | |  2.7
Stealth        | |  1.8

Action                   |  1- 3 |  4- 6 || total
-------------------------+-------+-------++-------
Melee: Hand axe          |    79 |       ||    79
       Punch             |     1 |     1 ||     2
       Dagger            |    31 |   135 ||   166
Throw: Stone             |     4 |    26 ||    30
  Use: Potion            |     3 |     1 ||     4
       Scroll            |     4 |     1 ||     5
 Stab: Sleeping          |     2 |       ||     2
Armor: Robe              |    12 |       ||    12
       Ring mail         |    18 |       ||    18
       Chain mail        |       |    84 ||    84
Dodge: Dodged            |    58 |    48 ||   106
